Workbook

Sheet Setup
A1: Product / Service | B1: Category | C1: Unit Cost | D1: Selling Price | F1: Payment Methods | H1: Expense Categories
A2: Website Design | B2: Service | C2: 180 | D2: 450 | F2: Cash | H2: Marketing
A3: SEO Package | B3: Service | C3: 120 | D3: 300 | F3: Bank | H3: Software
A4: Consulting Hour | B4: Service | C4: 35 | D4: 85 | F4: Card | H4: Operations
A5: Digital Template | B5: Digital Product | C5: 8 | D5: 29 | F5: Online
A6: Automation Setup | B6: Service | C6: 150 | D6: 375
A7: Support Plan | B7: Service | C7: 45 | D7: 120

Sheet Sales Entry
A1: Date | B1: Invoice # | C1: Customer | D1: Product / Service | E1: Qty | F1: Unit Price | G1: Revenue | H1: Unit Cost | I1: COGS | J1: Gross Profit | K1: Payment Method | L1: Status
A2: 46027 | B2: INV-1001 | C2: Customer 1 | D2: Website Design | E2: 1 | F2: 450 | G2: =E2*F2 -> 450 | H2: 180 | I2: =E2*H2 -> 180 | J2: =G2-I2 -> 270 | K2: Cash | L2: Paid
A3: 46037 | B3: INV-1002 | C3: Customer 2 | D3: SEO Package | E3: 1 | F3: 300 | G3: =E3*F3 -> 300 | H3: 120 | I3: =E3*H3 -> 120 | J3: =G3-I3 -> 180 | K3: Bank | L3: Paid
A4: 46047 | B4: INV-1003 | C4: Customer 3 | D4: Consulting Hour | E4: 1 | F4: 85 | G4: =E4*F4 -> 85 | H4: 35 | I4: =E4*H4 -> 35 | J4: =G4-I4 -> 50 | K4: Card | L4: Partial
A5: 46057 | B5: INV-1004 | C5: Customer 4 | D5: Digital Template | E5: 1 | F5: 29 | G5: =E5*F5 -> 29 | H5: 8 | I5: =E5*H5 -> 8 | J5: =G5-I5 -> 21 | K5: Online | L5: Paid
A6: 46067 | B6: INV-1005 | C6: Customer 5 | D6: Automation Setup | E6: 1 | F6: 375 | G6: =E6*F6 -> 375 | H6: 150 | I6: =E6*H6 -> 150 | J6: =G6-I6 -> 225 | K6: Cash | L6: Paid
A7: 46077 | B7: INV-1006 | C7: Customer 6 | D7: Support Plan | E7: 1 | F7: 120 | G7: =E7*F7 -> 120 | H7: 45 | I7: =E7*H7 -> 45 | J7: =G7-I7 -> 75 | K7: Bank | L7: Partial
A8: 46087 | B8: INV-1007 | C8: Customer 7 | D8: Website Design | E8: 1 | F8: 450 | G8: =E8*F8 -> 450 | H8: 180 | I8: =E8*H8 -> 180 | J8: =G8-I8 -> 270 | K8: Card | L8: Paid
A9: 46097 | B9: INV-1008 | C9: Customer 8 | D9: SEO Package | E9: 1 | F9: 300 | G9: =E9*F9 -> 300 | H9: 120 | I9: =E9*H9 -> 120 | J9: =G9-I9 -> 180 | K9: Online | L9: Paid
A10: 46107 | B10: INV-1009 | C10: Customer 9 | D10: Consulting Hour | E10: 1 | F10: 85 | G10: =E10*F10 -> 85 | H10: 35 | I10: =E10*H10 -> 35 | J10: =G10-I10 -> 50 | K10: Cash | L10: Partial
A11: 46117 | B11: INV-1010 | C11: Customer 10 | D11: Digital Template | E11: 1 | F11: 29 | G11: =E11*F11 -> 29 | H11: 8 | I11: =E11*H11 -> 8 | J11: =G11-I11 -> 21 | K11: Bank | L11: Paid
A12: 46127 | B12: INV-1011 | C12: Customer 11 | D12: Automation Setup | E12: 1 | F12: 375 | G12: =E12*F12 -> 375 | H12: 150 | I12: =E12*H12 -> 150 | J12: =G12-I12 -> 225 | K12: Card | L12: Paid
A13: 46137 | B13: INV-1012 | C13: Customer 12 | D13: Support Plan | E13: 1 | F13: 120 | G13: =E13*F13 -> 120 | H13: 45 | I13: =E13*H13 -> 45 | J13: =G13-I13 -> 75 | K13: Online | L13: Partial
... A25: 46257 | B25: INV-1024 | C25: Customer 24 | D25: Support Plan | E25: 1 | F25: 120 | G25: =E25*F25 -> 120 | H25: 45 | I25: =E25*H25 -> 45 | J25: =G25-I25 -> 75 | K25: Online | L25: Partial
G26: =E26*F26 -> 0 | I26: =E26*H26 -> 0 | J26: =G26-I26 -> 0
G27: =E27*F27 -> 0 | I27: =E27*H27 -> 0 | J27: =G27-I27 -> 0
G28: =E28*F28 -> 0 | I28: =E28*H28 -> 0 | J28: =G28-I28 -> 0
G29: =E29*F29 -> 0 | I29: =E29*H29 -> 0 | J29: =G29-I29 -> 0
G30: =E30*F30 -> 0 | I30: =E30*H30 -> 0 | J30: =G30-I30 -> 0
G31: =E31*F31 -> 0 | I31: =E31*H31 -> 0 | J31: =G31-I31 -> 0
G32: =E32*F32 -> 0 | I32: =E32*H32 -> 0 | J32: =G32-I32 -> 0
G33: =E33*F33 -> 0 | I33: =E33*H33 -> 0 | J33: =G33-I33 -> 0
G34: =E34*F34 -> 0 | I34: =E34*H34 -> 0 | J34: =G34-I34 -> 0
G35: =E35*F35 -> 0 | I35: =E35*H35 -> 0 | J35: =G35-I35 -> 0
G36: =E36*F36 -> 0 | I36: =E36*H36 -> 0 | J36: =G36-I36 -> 0
G37: =E37*F37 -> 0 | I37: =E37*H37 -> 0 | J37: =G37-I37 -> 0
... G200: =E200*F200 -> 0 | I200: =E200*H200 -> 0 | J200: =G200-I200 -> 0

Sheet Expenses
A1: Date | B1: Expense # | C1: Category | D1: Description | E1: Amount
A2: 46027 | B2: EXP-501 | C2: Marketing | D2: Ads | E2: 120
A3: 46041 | B3: EXP-502 | C3: Software | D3: Subscription | E3: 58
A4: 46055 | B4: EXP-503 | C4: Operations | D4: Office / delivery | E4: 96
A5: 46069 | B5: EXP-504 | C5: Marketing | D5: Ads | E5: 129
A6: 46083 | B6: EXP-505 | C6: Software | D6: Subscription | E6: 67
A7: 46097 | B7: EXP-506 | C7: Operations | D7: Office / delivery | E7: 105
A8: 46111 | B8: EXP-507 | C8: Marketing | D8: Ads | E8: 138
A9: 46125 | B9: EXP-508 | C9: Software | D9: Subscription | E9: 76
A10: 46139 | B10: EXP-509 | C10: Operations | D10: Office / delivery | E10: 114
A11: 46153 | B11: EXP-510 | C11: Marketing | D11: Ads | E11: 147
A12: 46167 | B12: EXP-511 | C12: Software | D12: Subscription | E12: 85
A13: 46181 | B13: EXP-512 | C13: Operations | D13: Office / delivery | E13: 123
... A19: 46265 | B19: EXP-518 | C19: Operations | D19: Office / delivery | E19: 141

Sheet Monthly Summary
A1: Month | B1: Revenue | C1: COGS | D1: Gross Profit | E1: Operating Expenses | F1: Net Profit | G1: Net Margin
A2: 46023 | B2: =SUMIFS('Sales Entry'!$G$2:$G$200,'Sales Entry'!$A$2:$A$200,">="&A2,'Sales Entry'!$A$2:$A$200,"<"&EDATE(A2,1)) -> 835 | C2: =SUMIFS('Sales Entry'!$I$2:$I$200,'Sales Entry'!$A$2:$A$200,">="&A2,'Sales Entry'!$A$2:$A$200,"<"&EDATE(A2,1)) -> 335 | D2: =B2-C2 -> 500 | E2: =SUMIFS(Expenses!$E$2:$E$200,Expenses!$A$2:$A$200,">="&A2,Expenses!$A$2:$A$200,"<"&EDATE(A2,1)) -> 178 | F2: =D2-E2 -> 322 | G2: =IFERROR(F2/B2,0) -> 0.38562874
A3: 46054 | B3: =SUMIFS('Sales Entry'!$G$2:$G$200,'Sales Entry'!$A$2:$A$200,">="&A3,'Sales Entry'!$A$2:$A$200,"<"&EDATE(A3,1)) -> 524 | C3: =SUMIFS('Sales Entry'!$I$2:$I$200,'Sales Entry'!$A$2:$A$200,">="&A3,'Sales Entry'!$A$2:$A$200,"<"&EDATE(A3,1)) -> 203 | D3: =B3-C3 -> 321 | E3: =SUMIFS(Expenses!$E$2:$E$200,Expenses!$A$2:$A$200,">="&A3,Expenses!$A$2:$A$200,"<"&EDATE(A3,1)) -> 225 | F3: =D3-E3 -> 96 | G3: =IFERROR(F3/B3,0) -> 0.18320611
A4: 46082 | B4: =SUMIFS('Sales Entry'!$G$2:$G$200,'Sales Entry'!$A$2:$A$200,">="&A4,'Sales Entry'!$A$2:$A$200,"<"&EDATE(A4,1)) -> 835 | C4: =SUMIFS('Sales Entry'!$I$2:$I$200,'Sales Entry'!$A$2:$A$200,">="&A4,'Sales Entry'!$A$2:$A$200,"<"&EDATE(A4,1)) -> 335 | D4: =B4-C4 -> 500 | E4: =SUMIFS(Expenses!$E$2:$E$200,Expenses!$A$2:$A$200,">="&A4,Expenses!$A$2:$A$200,"<"&EDATE(A4,1)) -> 310 | F4: =D4-E4 -> 190 | G4: =IFERROR(F4/B4,0) -> 0.22754491
A5: 46113 | B5: =SUMIFS('Sales Entry'!$G$2:$G$200,'Sales Entry'!$A$2:$A$200,">="&A5,'Sales Entry'!$A$2:$A$200,"<"&EDATE(A5,1)) -> 524 | C5: =SUMIFS('Sales Entry'!$I$2:$I$200,'Sales Entry'!$A$2:$A$200,">="&A5,'Sales Entry'!$A$2:$A$200,"<"&EDATE(A5,1)) -> 203 | D5: =B5-C5 -> 321 | E5: =SUMIFS(Expenses!$E$2:$E$200,Expenses!$A$2:$A$200,">="&A5,Expenses!$A$2:$A$200,"<"&EDATE(A5,1)) -> 190 | F5: =D5-E5 -> 131 | G5: =IFERROR(F5/B5,0) -> 0.25
A6: 46143 | B6: =SUMIFS('Sales Entry'!$G$2:$G$200,'Sales Entry'!$A$2:$A$200,">="&A6,'Sales Entry'!$A$2:$A$200,"<"&EDATE(A6,1)) -> 835 | C6: =SUMIFS('Sales Entry'!$I$2:$I$200,'Sales Entry'!$A$2:$A$200,">="&A6,'Sales Entry'!$A$2:$A$200,"<"&EDATE(A6,1)) -> 335 | D6: =B6-C6 -> 500 | E6: =SUMIFS(Expenses!$E$2:$E$200,Expenses!$A$2:$A$200,">="&A6,Expenses!$A$2:$A$200,"<"&EDATE(A6,1)) -> 232 | F6: =D6-E6 -> 268 | G6: =IFERROR(F6/B6,0) -> 0.32095808
A7: 46174 | B7: =SUMIFS('Sales Entry'!$G$2:$G$200,'Sales Entry'!$A$2:$A$200,">="&A7,'Sales Entry'!$A$2:$A$200,"<"&EDATE(A7,1)) -> 524 | C7: =SUMIFS('Sales Entry'!$I$2:$I$200,'Sales Entry'!$A$2:$A$200,">="&A7,'Sales Entry'!$A$2:$A$200,"<"&EDATE(A7,1)) -> 203 | D7: =B7-C7 -> 321 | E7: =SUMIFS(Expenses!$E$2:$E$200,Expenses!$A$2:$A$200,">="&A7,Expenses!$A$2:$A$200,"<"&EDATE(A7,1)) -> 279 | F7: =D7-E7 -> 42 | G7: =IFERROR(F7/B7,0) -> 0.080152672
A8: 46204 | B8: =SUMIFS('Sales Entry'!$G$2:$G$200,'Sales Entry'!$A$2:$A$200,">="&A8,'Sales Entry'!$A$2:$A$200,"<"&EDATE(A8,1)) -> 835 | C8: =SUMIFS('Sales Entry'!$I$2:$I$200,'Sales Entry'!$A$2:$A$200,">="&A8,'Sales Entry'!$A$2:$A$200,"<"&EDATE(A8,1)) -> 335 | D8: =B8-C8 -> 500 | E8: =SUMIFS(Expenses!$E$2:$E$200,Expenses!$A$2:$A$200,">="&A8,Expenses!$A$2:$A$200,"<"&EDATE(A8,1)) -> 226 | F8: =D8-E8 -> 274 | G8: =IFERROR(F8/B8,0) -> 0.32814371
A9: 46235 | B9: =SUMIFS('Sales Entry'!$G$2:$G$200,'Sales Entry'!$A$2:$A$200,">="&A9,'Sales Entry'!$A$2:$A$200,"<"&EDATE(A9,1)) -> 524 | C9: =SUMIFS('Sales Entry'!$I$2:$I$200,'Sales Entry'!$A$2:$A$200,">="&A9,'Sales Entry'!$A$2:$A$200,"<"&EDATE(A9,1)) -> 203 | D9: =B9-C9 -> 321 | E9: =SUMIFS(Expenses!$E$2:$E$200,Expenses!$A$2:$A$200,">="&A9,Expenses!$A$2:$A$200,"<"&EDATE(A9,1)) -> 409 | F9: =D9-E9 -> -88 | G9: =IFERROR(F9/B9,0) -> -0.16793893
A10: 46266 | B10: =SUMIFS('Sales Entry'!$G$2:$G$200,'Sales Entry'!$A$2:$A$200,">="&A10,'Sales Entry'!$A$2:$A$200,"<"&EDATE(A10,1)) -> 0 | C10: =SUMIFS('Sales Entry'!$I$2:$I$200,'Sales Entry'!$A$2:$A$200,">="&A10,'Sales Entry'!$A$2:$A$200,"<"&EDATE(A10,1)) -> 0 | D10: =B10-C10 -> 0 | E10: =SUMIFS(Expenses!$E$2:$E$200,Expenses!$A$2:$A$200,">="&A10,Expenses!$A$2:$A$200,"<"&EDATE(A10,1)) -> 0 | F10: =D10-E10 -> 0 | G10: =IFERROR(F10/B10,0) -> 0
A11: 46296 | B11: =SUMIFS('Sales Entry'!$G$2:$G$200,'Sales Entry'!$A$2:$A$200,">="&A11,'Sales Entry'!$A$2:$A$200,"<"&EDATE(A11,1)) -> 0 | C11: =SUMIFS('Sales Entry'!$I$2:$I$200,'Sales Entry'!$A$2:$A$200,">="&A11,'Sales Entry'!$A$2:$A$200,"<"&EDATE(A11,1)) -> 0 | D11: =B11-C11 -> 0 | E11: =SUMIFS(Expenses!$E$2:$E$200,Expenses!$A$2:$A$200,">="&A11,Expenses!$A$2:$A$200,"<"&EDATE(A11,1)) -> 0 | F11: =D11-E11 -> 0 | G11: =IFERROR(F11/B11,0) -> 0
A12: 46327 | B12: =SUMIFS('Sales Entry'!$G$2:$G$200,'Sales Entry'!$A$2:$A$200,">="&A12,'Sales Entry'!$A$2:$A$200,"<"&EDATE(A12,1)) -> 0 | C12: =SUMIFS('Sales Entry'!$I$2:$I$200,'Sales Entry'!$A$2:$A$200,">="&A12,'Sales Entry'!$A$2:$A$200,"<"&EDATE(A12,1)) -> 0 | D12: =B12-C12 -> 0 | E12: =SUMIFS(Expenses!$E$2:$E$200,Expenses!$A$2:$A$200,">="&A12,Expenses!$A$2:$A$200,"<"&EDATE(A12,1)) -> 0 | F12: =D12-E12 -> 0 | G12: =IFERROR(F12/B12,0) -> 0
A13: 46357 | B13: =SUMIFS('Sales Entry'!$G$2:$G$200,'Sales Entry'!$A$2:$A$200,">="&A13,'Sales Entry'!$A$2:$A$200,"<"&EDATE(A13,1)) -> 0 | C13: =SUMIFS('Sales Entry'!$I$2:$I$200,'Sales Entry'!$A$2:$A$200,">="&A13,'Sales Entry'!$A$2:$A$200,"<"&EDATE(A13,1)) -> 0 | D13: =B13-C13 -> 0 | E13: =SUMIFS(Expenses!$E$2:$E$200,Expenses!$A$2:$A$200,">="&A13,Expenses!$A$2:$A$200,"<"&EDATE(A13,1)) -> 0 | F13: =D13-E13 -> 0 | G13: =IFERROR(F13/B13,0) -> 0

Sheet Dashboard
A1: FENULO — SALES & PROFIT TRACKER
A3: KPI | B3: Value | D3: KPI | E3: Value
A4: Total Revenue | B4: =SUM('Monthly Summary'!B2:B13) -> 5436 | D4: Operating Expenses | E4: =SUM('Monthly Summary'!E2:E13) -> 2049
A5: Gross Profit | B5: =SUM('Monthly Summary'!D2:D13) -> 3284 | D5: Net Margin | E5: =IFERROR(B6/B4,0) -> 0.22718911
A6: Net Profit | B6: =SUM('Monthly Summary'!F2:F13) -> 1235 | D6: Sales Transactions | E6: =COUNT('Sales Entry'!G2:G200) -> 199
